 Dungeon Crawl Stone Soup version 0.28-b1-1-g3c77fb2ed1 (webtiles) character file.

Game seed: 10989231964352866683

568 DerDa the Slasher (level 7, -2/60 HPs)
             Began as a Gnoll Cinder Acolyte on Jan 28, 2022.
             Was a High Priest of Ignis.
             Killed by nerve-wracking pain
             ... invoked by an orc priest
              (14 damage)
             ... on level 3 of the Dungeon.
             The game lasted 00:09:34 (4721 turns).

DerDa the Slasher (Gnoll Cinder Acolyte)            Turns: 4721, Time: 00:09:35

Health: -2/60      AC:  8    Str: 14    XL:     7   Next: 33%
Magic:  12/12      EV:  6    Int: 15    God:    Ignis [*****.]
Gold:   137        SH:  5    Dex:  7    Spells: 13/13 levels left

rFire   + . .      SeeInvis .   r - +5 long sword (holy)
rCold   . . .      Faith    .   (no shield)
rNeg    . . .      Spirit   .   d - +0 chain mail
rPois   .          Reflect  +   (no helmet)
rElec   .          Harm     .   (no cloak)
rCorr   +          Rampage  .   (no gloves)
Will    .....                   (no boots)
Stlth   ..........              e - amulet of reflection
HPRegen 0.20/turn               k - ring of resist corrosion
MPRegen 0.13/turn               (no ring)

@: no status effects
A: fangs 1, strong nose, distributed training
a: Renounce Religion, Fiery Armour, Foxfire Swarm, Rising Flame


You were on level 3 of the Dungeon.
You worshipped Ignis.
Ignis was extremely pleased with you.
You visited 1 branch of the dungeon, and saw 4 of its levels.
You also visited: Sewer.

You collected 170 gold pieces.
You spent 33 gold pieces at shops.

Inventory:

Hand Weapons
 a - a -1 falchion of flaming
 r - a +5 long sword of holy wrath (weapon)
Missiles
 l - 81 bolts
 n - 7 boomerangs (quivered)
 o - 13 poisoned darts
Armour
 b - a +0 robe
 d - a +0 chain mail (worn)
Jewellery
 e - an amulet of reflection (around neck)
 k - a ring of resist corrosion (left hand)
 q - a ring of see invisible
Scrolls
 c - 2 scrolls of noise {unknown}
 h - 2 scrolls of identify {unknown}
 p - a scroll of fog {unknown}
 s - a scroll of blinking {unknown}
Potions
 f - a potion of flight {unknown}
 g - a potion of cancellation {unknown}
 i - 2 potions of lignification {unknown}
 j - a potion of haste {unknown}
 m - 4 potions of curing
 t - a potion of attraction {unknown}


   Skills:
 + Level 7.0 Fighting
 + Level 2.4 Short Blades
 + Level 7.0 Long Blades
 + Level 2.4 Axes
 + Level 2.4 Maces & Flails
 + Level 2.4 Polearms
 + Level 2.4 Staves
 + Level 2.4 Slings
 + Level 2.4 Bows
 + Level 2.4 Crossbows
 + Level 2.4 Throwing
 + Level 2.4 Armour
 + Level 2.4 Dodging
 + Level 2.4 Stealth
 + Level 2.4 Shields
 + Level 2.4 Unarmed Combat
 + Level 3.7 Spellcasting
 + Level 2.0 Conjurations
 + Level 2.0 Hexes
 + Level 2.0 Summonings
 + Level 2.0 Necromancy
 + Level 2.0 Translocations
 + Level 2.0 Transmutations
 + Level 5.8 Fire Magic
 + Level 2.0 Ice Magic
 + Level 2.0 Air Magic
 + Level 2.0 Earth Magic
 + Level 2.0 Poison Magic
 + Level 2.7 Invocations
 + Level 2.4 Evocations


You had 13 spell levels left.
You didn't know any spells.
Your spell library contained the following spells:

 Spells                   Type           Power      Damage    Failure   Level
 Scorch                   Fire           40%        2d7       54%         2


Dungeon Overview and Level Annotations

Branches:
Dungeon (4/15)              Sewer (visited)
 Temple: D:4-7

Altars:
Lugonu

Shops:
D:2 !

Portals:
Abyss: D:3


Innate Abilities, Weirdness & Mutations

You have very sharp teeth.
Your uncanny sense of smell can sniff out nearby items.
Your experience applies equally to all skills.


Message History

You are more confused.
You bump into the rock wall.
The orc priest hits you but does no damage.
Something hits you but does no damage.
You hear some strange, mumbled words.
A magic dart appears from out of thin air!
The magic dart hits you.
The orc priest hits you with a +0 dagger.
Something hits you but does no damage.
You slash the orc priest!
The orc priest is almost dead.
The orc priest closely misses you.
You hear some strange, mumbled words.
A puff of flame appears from out of thin air!
The puff of flame hits you but does no damage.
The orc priest hits you with a +0 dagger.
You bump into the rock wall.
You feel less confused.
The orc priest hits you but does no damage.
You hear some strange, mumbled words.
You are confused.
The orc priest mumbles some strange prayers to Beogh against you.
Pain shoots through your body!
You bump into the rock wall.
Something hits you but does no damage.
You barely miss something.
The orc priest hits you with a +0 dagger.
Something hits you.
You hit the orc priest.
The orc priest is almost dead.
Something hits you but does no damage.
The orc priest hits you but does no damage.
You bump into the rock wall.
Something hits you. The orc priest barely misses you.
You feel less confused.
The orc priest calls down the wrath of Beogh upon you.
Beogh smites you!
* * * LOW HITPOINT WARNING * * *
The orc priest invokes the aid of Beogh against you.
Pain shoots through your body!
You die...

##.##.## #..#)#
##.#.# #...# ###
##..# #.###
####.>#
##.§###§##).#
##.§.§#§§§#.o#
#####..§§..§§.#.@#
#..)..._§##§..#.##
...))..§.###.####
#####.....####
##..### ####


You could see an orc priest.

Vanquished Creatures
  Sigmund (D:3)
  An ogre (D:3)
  2 bullfrogs (Sewer)
  Robin (D:3)
  6 adders
  2 worms (D:2)
  7 orcs
  10 endoplasms
  13 giant cockroaches (Sewer)
  16 goblins
  A hobgoblin (D:2)
  14 kobolds
  14 quokkas
  6 ball pythons
  5 bats
  13 frilled lizards
  4 rats
116 creatures vanquished.

Vanquished Creatures (others)
  2 plants (D:2)
2 creatures vanquished.

Grand Total: 118 creatures vanquished

Notes
Turn   | Place    | Note
-------+----------+-------------------------------------------
     0 | D:1      | DerDa the Gnoll Cinder Acolyte began the quest for the Orb.
     0 | D:1      | Reached XP level 1. HP: 23/23 MP: 4/4
   315 | D:1      | Reached XP level 2. HP: 29/29 MP: 5/5
   599 | D:1      | Found a faded altar of an unknown god.
  1161 | D:2      | Reached XP level 3. HP: 34/35 MP: 7/7
  1256 | D:2      | Found Xamastruy's Distillery.
  1263 | D:2      | Bought a potion of curing for 33 gold pieces
  1520 | D:2      | Reached skill level 1 in Invocations
  1674 | D:2      | Reached skill level 1 in Short Blades
  1674 | D:2      | Reached skill level 1 in Axes
  1674 | D:2      | Reached skill level 1 in Maces & Flails
  1674 | D:2      | Reached skill level 1 in Polearms
  1674 | D:2      | Reached skill level 1 in Staves
  1674 | D:2      | Reached skill level 1 in Slings
  1674 | D:2      | Reached skill level 1 in Bows
  1674 | D:2      | Reached skill level 1 in Crossbows
  1674 | D:2      | Reached skill level 1 in Throwing
  1674 | D:2      | Reached skill level 1 in Armour
  1674 | D:2      | Reached skill level 1 in Dodging
  1674 | D:2      | Reached skill level 1 in Stealth
  1674 | D:2      | Reached skill level 1 in Shields
  1674 | D:2      | Reached skill level 1 in Unarmed Combat
  1674 | D:2      | Reached skill level 1 in Evocations
  2038 | D:3      | Found a one-way gate to the infinite horrors of the Abyss.
  2064 | D:3      | Noticed Sigmund
  2177 | D:3      | Killed Sigmund
  2178 | D:3      | Reached skill level 1 in Conjurations
  2178 | D:3      | Reached skill level 1 in Hexes
  2178 | D:3      | Reached skill level 1 in Summonings
  2178 | D:3      | Reached skill level 1 in Necromancy
  2178 | D:3      | Reached skill level 1 in Translocations
  2178 | D:3      | Reached skill level 1 in Transmutations
  2178 | D:3      | Reached skill level 1 in Ice Magic
  2178 | D:3      | Reached skill level 1 in Air Magic
  2178 | D:3      | Reached skill level 1 in Earth Magic
  2178 | D:3      | Reached skill level 1 in Poison Magic
  2178 | D:3      | Reached XP level 4. HP: 36/41 MP: 8/8
  2178 | D:3      | Reached XP level 5. HP: 41/47 MP: 9/9
  2178 | D:3      | Reached XP level 6. HP: 46/53 MP: 10/10
  2327 | D:3      | Found a glowing drain.
  2336 | Sewer    | Entered a sewer
  3245 | Sewer    | Reached XP level 7. HP: 24/59 MP: 12/12
  3469 | D:3      | Noticed Robin
  3479 | D:3      | Killed Robin
  4143 | D:3      | Found a large runed translucent door.
  4143 | D:3      | Found a large runed translucent door.
  4147 | D:3      | Found a corrupted altar of Lugonu.
  4721 | D:3      | Killed from afar by an orc priest

Illustrated notes

Levels and vault maps discovered:
D:1:      matt_arrival_spirals, layout_basic, chequers_ecumenical_altar_island
D:2:      layout_basic, serial_shops, shop_fountains, serial_forest,
          infiniplex_forest_lined_ring, infiniplex_forest_lined_room_3,
          infiniplex_forest_lined_room_, infiniplex_forest_clump_diagonal,
          infiniplex_forest_clump_double, chequers_avenue,
          kennysheep_generic_room_13
D:3:      due_chaos_kobolds, layout_basic, portal_sewer_entry_d, uniq_sigmund,
          uniq_robin
D:4:      layout_cave_pools, grunt_decor_resistance

Skill      XL: |  1  2  3  4  5  6  7 |
---------------+----------------------+-----
Invocations    | 1 2 |  2.7
Short Blades   | 1 2 |  2.4
Axes           | 1 2 |  2.4
Maces & Flails | 1 2 |  2.4
Polearms       | 1 2 |  2.4
Staves         | 1 2 |  2.4
Slings         | 1 2 |  2.4
Bows           | 1 2 |  2.4
Crossbows      | 1 2 |  2.4
Throwing       | 1 2 |  2.4
Armour         | 1 2 |  2.4
Dodging        | 1 2 |  2.4
Stealth        | 1 2 |  2.4
Shields        | 1 2 |  2.4
Unarmed Combat | 1 2 |  2.4
Evocations     | 1 2 |  2.4
Spellcasting   | 3 |  3.7
Conjurations   | 1 2 |  2.0
Hexes          | 1 2 |  2.0
Summonings     | 1 2 |  2.0
Necromancy     | 1 2 |  2.0
Translocations | 1 2 |  2.0
Transmutations | 1 2 |  2.0
Ice Magic      | 1 2 |  2.0
Air Magic      | 1 2 |  2.0
Earth Magic    | 1 2 |  2.0
Poison Magic   | 1 2 |  2.0
Fighting       | 7 |  7.0
Long Blades    | 7 |  7.0
Fire Magic     | |  5.8

Action                   |  1- 3 |  4- 6 |  7- 9 || total
-------------------------+-------+-------+-------++-------
Melee: Falchion          |   112 |   260 |     6 ||   378
       Punch             |     3 |     3 |       ||     6
       Bite              |     7 |    21 |     2 ||    30
       Long sword        |       |       |    57 ||    57
Throw: Dart              |     6 |       |       ||     6
       Boomerang         |     1 |       |       ||     1
  Use: Potion            |     1 |       |     1 ||     2
Armor: Chain mail        |    47 |   173 |    43 ||   263
Dodge: Dodged            |    29 |    80 |    17 ||   126
Block: Other             |    15 |    72 |    10 ||    97
